 Dungeon Sprint DCSS version 0.28-a0-422-gd71735cc25 (webtiles) character file.

Game seed: 10532424214624318301

24 Lochraine the Chucker (level 2, -1/29 HPs)
             Began as a Troll Hunter on Sept 8, 2021.
             Slain by an ogre (19 damage)
             ... in the Dungeon (Sprint I: "Red Sonja").
             The game lasted 00:00:27 (12 turns).

Lochraine the Chucker (Troll Hunter)                  Turns: 12, Time: 00:00:27

Health: -1/29      AC:  4    Str: 19    XL:     2   Next: 79%
Magic:  1/1        EV: 10    Int:  7    God:
Gold:   0          SH:  0    Dex: 10    Spells: 1/1 levels left

rFire   . . .      SeeInvis .     - Unarmed
rCold   . . .      Faith    .   (no shield)
rNeg    . . .      Spirit   .   b - +0 robe
rPois   .          Reflect  .   (helmet restricted)
rElec   .          Harm     .   (no cloak)
rCorr   .          Rampage  .   (gloves unavailable)
Will    .....      NoTele   +   (boots unavailable)
Stlth   +.........              (no amulet)
HPRegen 1.09/turn               (no ring)
MPRegen 0.07/turn               (no ring)

@: no status effects
A: large, unfitting armour, claws 3, regeneration 1, shaggy fur 1, tough skin 1
a: no special abilities


You were in the Dungeon.
You visited 1 branch

Inventory:

Missiles
 c - 4 large rocks (quivered)
 d - 2 throwing nets
Armour
 b - a +0 robe (worn)
Wands
 t - a wand of flame (12)
   (You took it off Ijyb in the Dungeon)
Scrolls
 j - a scroll of blinking
Potions
 e - a potion of curing {@q1}
 f - a potion of heal wounds {@q2}
 g - a potion of haste {@q3}
 h - 2 potions of magic
 i - a potion of berserk rage


   Skills:
 + Level 2.7 Fighting
 + Level 4.4 Throwing
 + Level 2.7 Dodging
 - Level 0.3 Stealth
 + Level 2.5 Unarmed Combat


You had one spell level left.
You didn't know any spells.
Your spell library was empty.

Dungeon Overview and Level Annotations

Branches:
Dungeon (1/1)

Altars:


Innate Abilities, Weirdness & Mutations

You are too large for most types of armour.
You have claws for hands.
Your natural rate of healing is unusually fast.
You are covered in fur. (AC +1)
You have tough skin. (AC +1)


Message History

Options error: Bad channel -- pray (~/.crawlrc:4054) Options error: Bad channel -- food (~/.crawlrc:4057) Options error: Bad channel -- rotten_meat (~/.crawlrc:4074) Welcome, Lochraine the Troll Hunter.
Found a staircase leading out of the dungeon.
Drop what? 10/52 slots (_ for help) (? for menu, Esc to quit)
You are now empty-clawed.
You drop a +0 short sword.
You open the door.
Ijyb the Twisted Goblin comes into view.
She is wielding a +0 club and carrying a wand of flame (12).
Ijyb shouts!
Throw: 5 large rocks
Aim: Ijyb, wielding a +0 club, wearing a +0 ring mail and carrying a wand of flame (12) (52% to hit)
You throw a large rock. The large rock hits Ijyb!!
You kill Ijyb!
Your Fighting skill increases to level 2!
Your Throwing skill increases to level 4!
Your Dodging skill increases to level 2!
Your Unarmed Combat skill gained 2 levels and is now at level 2!
You have reached level 2!
There is an open door here.
c - 5 large rocks (gained 1);
t - a wand of flame (12)
Things that are here:
a +0 club; a +0 ring mail; the goblin corpse of Ijyb You open the door.
An ogre comes into view. It is wielding a +0 giant club.
The ogre shouts!
Throw: 5 large rocks
Aim: an ogre, wielding a +0 giant club (74% to hit)
You throw a large rock.
The large rock hits the ogre but does no damage.
The ogre hits you with a +0 giant club!
You claw the ogre! The ogre misses you.
You scratch the ogre. You barely miss the ogre.
The ogre hits you with a +0 giant club!!
Ouch! That really hurt!
You die...

##########
#<.#.@O(.#
#..').#..+
#..#### +#
#..# #..#
#..# #⌠⌠#
####


You could see an ogre.

Vanquished Creatures
  Ijyb (D)
1 creature vanquished.

Notes
Turn   | Place    | Note
-------+----------+-------------------------------------------
     0 | D        | Lochraine the Troll Hunter began the quest for the Orb.
     0 | D        | Reached XP level 1. HP: 19/19 MP: 0/0
     2 | D        | Noticed Ijyb
     3 | D        | Killed Ijyb
     4 | D        | Reached skill level 4 in Throwing
     4 | D        | Reached XP level 2. HP: 29/29 MP: 1/1
     8 | D        | Noticed an ogre
    12 | D        | Slain by an ogre

Illustrated notes

Levels and vault maps discovered:
D:        dungeon_sprint_1 [red_sonja_temple_1, red_sonja_temple_small_1]

Skill      XL: |  1 |
---------------+----+-----
Fighting       | 2 |  2.7
Throwing       | 4 |  4.4
Dodging        | 2 |  2.7
Unarmed Combat | 2 |  2.5
Stealth        | |  0.3

Action                   || total
-------------------------++-------
Melee: Unarmed           ||     3
Throw: Large rock        ||     2
Dodge: Dodged            ||     1

Table legend: (Time is in decaauts)
 A = Elapsed time spent in this place.
 B = Non-inter-level travel time spent in this place.
 C = Inter-level travel time spent in this place.
 D = Time resting spent in this place.
 E = Time spent auto-exploring this place.
 F = Levels seen in this place.
 G = Mean time per level.
                   A        B        C        D        E       F      G
               +--------+--------+--------+--------+--------+-----+--------+
         Total |     13 |     13 |      0 |      0 |      0 |   1 |   13.0 |
       Dungeon |     13 |     13 |      0 |      0 |      0 |   1 |   13.0 |
               +--------+--------+--------+--------+--------+-----+--------+

Top non-repeatable levels by time:
       D: 13 daAuts
